 Dungeon Crawl Stone Soup version 0.26-a0-639-g72c4674329 (webtiles) character file.

Game seed: 1710815690050985853

7 MrRokkomies the Sneak (level 1, 0/18 HPs)
             Began as a Demigod Delver on Sept 16, 2020.
             Slain by an adder (2 damage)
             ... on level 5 of the Dungeon.
             The game lasted 00:00:11 (208 turns).

MrRokkomies the Sneak (Demigod Delver)               Turns: 208, Time: 00:00:11

Health: 0/18       AC:  3    Str: 15    XL:     1   Next: 73%
Magic:  3/3        EV: 12    Int: 14    God:
Gold:   0          SH:  0    Dex: 17    Spells: 0/0 levels left

rFire    . . .     SeeInvis .   a - +0 falchion
rCold    . . .     Faith    .   (no shield)
rNeg     . . .     Spirit   .   b - +0 leather armour
rPois    .         Reflect  .   (no helmet)
rElec    .         Harm     .   (no cloak)
rCorr    .         Rampage  .   (no gloves)
MR       .....                  (no boots)
Stlth    +++.......             (no amulet)
HPRegen  0.06/turn              (no ring)
MPRegen  0.08/turn              (no ring)

@: lethally poisoned (0 -> -3)
A: high mp 1
a: no special abilities


You were on level 5 of the Dungeon.
You visited 1 branch of the dungeon, and saw 1 of its levels.

Inventory:

Hand Weapons
 a - a +0 falchion (weapon)
Armour
 b - a +0 leather armour (worn)
Wands
 g - a wand of digging (3)
Scrolls
 c - a scroll of fog
 d - a scroll of magic mapping
 e - a scroll of fear
Potions
 f - a potion of haste


   Skills:
 + Level 2.8 Fighting
 * Level 2.1 Long Blades
 + Level 2.0 Dodging
 - Level 4.5 Stealth


You couldn't memorise any spells.
You didn't know any spells.
Your spell library was empty.

Dungeon Overview and Level Annotations

Branches:
Dungeon (5/15)
 Temple: D:4-7


Innate Abilities, Weirdness & Mutations

You have an increased reservoir of magic. (+10% MP)


Message History

An adder comes into view.
The adder hisses angrily.
Found 13 gold pieces.
Found 6 gold pieces.
Found a stone staircase leading down.
You hit the adder but do no damage. The adder bites you.
You are poisoned.
The adder poisons you!
You miss the adder.
You feel sick. The adder misses you. The adder bites you.
You barely miss the adder. The adder closely misses you.
You riposte.
You closely miss the adder. You closely miss the adder. The adder bites you. x2
You hit the adder but do no damage.
You feel sick. The adder bites you.
You miss the adder. The adder bites you. x2
* * * LOW HITPOINT WARNING * * *
You barely miss the adder. The adder misses you. The adder closely misses you.
You closely miss the adder.
You feel sick. The adder barely misses you.
You barely miss the adder. The adder bites you.
* * * LOW HITPOINT WARNING * * *
The adder bites you.
You die...

.....# ### #...... ##
#.# #.....##.. #.#
#....$#... #.#
#####..#...... #.#
##...#..#......
####.#####..#...........
##................#.....
...##.####.##...@S......
..###.####......#..)....
#(......................
#####.######...###......
...............# >.....
..........##..... ......
..........##...## .....
..........##... ..$..
..........#


You could see an adder.

Vanquished Creatures
  A shadow imp (D:5)
1 creature vanquished.

Notes
Turn   | Place    | Note
-------+----------+-------------------------------------------
     0 | D:5      | MrRokkomies the Demigod Delver began the quest for the Orb.
     0 | D:5      | Reached XP level 1. HP: 18/18 MP: 3/3
   208 | D:5      | Slain by an adder

Illustrated notes

Levels and vault maps discovered:
D:5:      layout_rooms, grunt_temple_overflow_growth_and_decay

Skill      XL: |  1 |
---------------+----+-----
Long Blades    | 2 |  2.1
Dodging        | 2 |  2.0
Fighting       | |  2.8
Stealth        | |  4.5

Action                   || total
-------------------------++-------
Melee: Falchion          ||    17
Dodge: Dodged            ||     9
       Rpst.: Falchion   ||     2

Table legend: (Time is in decaauts)
 A = Elapsed time spent in this place.
 B = Non-inter-level travel time spent in this place.
 C = Inter-level travel time spent in this place.
 D = Time resting spent in this place.
 E = Time spent auto-exploring this place.
 F = Levels seen in this place.
 G = Mean time per level.
                   A        B        C        D        E       F      G
               +--------+--------+--------+--------+--------+-----+--------+
         Total |    211 |    211 |      0 |      0 |    186 |   1 |  211.0 |
       Dungeon |    211 |    211 |      0 |      0 |    186 |   1 |  211.0 |
               +--------+--------+--------+--------+--------+-----+--------+

Top non-repeatable levels by time:
     D:5: 211 daAuts
